 Dungeon Crawl Stone Soup version 0.30.1 (webtiles) character file.

Game seed: 1295386139531655549

70128 javelincjr the Sage (level 14, -5/97 (105) HPs)
             Began as a Demonspawn Hedge Wizard on July 10, 2023.
             Was a High Priest of Sif Muna.
             Killed by divine providence
             ... invoked by Saint Roka
              (7 damage)
             ... on level 2 of the Orcish Mines.
             The game lasted 04:12:37 (29288 turns).

javelincjr the Sage (Demonspawn Hedge Wizard)      Turns: 29288, Time: 04:12:39

HP:   -5/97 (105)   AC: 22    Str:  8    XL:     14   Next: 92%
MP:   35/35         EV: 16    Int: 20    God:    Sif Muna [*****.]
Gold: 1729          SH:  0    Dex: 18    Spells: 4/29 levels left

rFire   + + .        S - +8 trident of the Octopus King {venom, rElec rPois}
rCold   . . .        (no shield)
rNeg    . . .        V - +2 robe {rF+}
rPois   +            u - +2 hat
rElec   +            d - +0 cloak
rCorr   +            E - +2 pair of gloves
SInv    +            R - +1 pair of boots
Will    +....        (no amulet)
Stlth   ++++         a - ring of Huob Can {Fire rCorr Str-3 Dex+2 SInv}
HPRegen 0.36/turn    s - ring of the Iron Devil {rC+ MP+9 Dex+3}
MPRegen 0.24/turn

%: no passive effects
@: mighty, sanguine armoured, drained
A: antennae 1, powered by pain 2, sanguine armour 2, demonic magic 2
a: Renounce Religion, Channel Magic, Forget Spell, Divine Exegesis


You were on level 2 of the Orcish Mines.
You worshipped Sif Muna.
Sif Muna was extremely pleased with you.
You visited 4 branches of the dungeon, and saw 21 of its levels.
You also visited: Ice Cave.

You collected 1729 gold pieces.

Inventory:

Hand Weapons
 c - a +8 flail
 I - a +0 flail of protection
 Q - a +2 demon blade of freezing
 S - the +8 trident of the Octopus King (weapon) {venom, rElec rPois}
   (You found it on level 11 of the Dungeon)

   rElec:     It insulates you from electricity.
   rPois:     It protects you from poison.
 U - a +1 hand axe of distortion
Armour
 d - a +0 cloak (worn)
 m - a +0 ring mail of fire resistance
 o - an orb of light
 u - a +2 hat (worn)
 E - a +2 pair of gloves (worn)
 F - a +1 buckler of cold resistance
 G - a +0 tower shield
 K - a +2 kite shield of cold resistance
 R - a +1 pair of boots (worn)
 T - a +0 troll leather armour
 V - a +2 robe of fire resistance (worn)
Jewellery
 a - the ring of Huob Can (left hand) {Fire rCorr Str-3 Dex+2 SInv}
   (You acquired it on level 7 of the Dungeon)

   [ring of fire]

   It enhances your fire magic.
   Str:       It affects your strength (-3).
   Dex:       It affects your dexterity (+2).
   rF:        It protects you from fire.
   rC:        It makes you vulnerable to cold.
   SInv:      It lets you see invisible.
   rCorr:     It protects you from acid and corrosion.
 n - a ring of resist corrosion
 s - the ring of the Iron Devil (right hand) {rC+ MP+9 Dex+3}
   (You found it on level 5 of the Lair of Beasts)

   [ring of magical power]

   Dex:       It affects your dexterity (+3).
   rC:        It protects you from cold.
   MP:        It affects your magic capacity (+9).
 y - a +4 ring of slaying
 z - a ring of flight
 B - a ring of ice
 L - an amulet of faith
Wands
 C - a wand of flame (20)
 M - a wand of mindburst (20)
 N - a wand of digging (9)
 W - a wand of charming (17)
Scrolls
 b - a scroll of fog
 g - 3 scrolls of immolation
 i - 2 scrolls of magic mapping
 k - 4 scrolls of poison
 l - 2 scrolls of amnesia
 p - 7 scrolls of teleportation
 t - a scroll of blinking
 x - 4 scrolls of vulnerability
 D - 3 scrolls of noise
 H - a scroll of identify
 Y - a scroll of silence
 Z - a scroll of fear
Potions
 e - 4 potions of lignification
 f - 3 potions of attraction
 h - 5 potions of brilliance
 j - 7 potions of curing
 q - 2 potions of heal wounds
 r - 2 potions of invisibility
 v - 5 potions of haste
 w - 2 potions of mutation
 A - 6 potions of flight
 O - a potion of ambrosia
 P - 5 potions of might
 X - a potion of cancellation


   Skills:
 + Level 8.0 Fighting
 + Level 4.9 Polearms
 + Level 7.1 Armour
 + Level 7.6 Dodging
 - Level 8.1 Stealth
 + Level 5.0 Shields
 * Level 8.1 Spellcasting
 + Level 8.0 Conjurations
 + Level 6.7 Hexes
 + Level 8.2 Summonings
 + Level 7.4 Translocations
 + Level 4.7 Fire Magic
 + Level 6.1 Ice Magic
 + Level 0.5 Air Magic
 + Level 9.0 Invocations


You had 4 spell levels left.
You knew the following spells:

 Your Spells              Type           Power      Damage    Failure   Level
a - Magic Dart            Conj           100%       1d8       1%          1
b - Call Imp              Summ           82%        N/A       1%          2
c - Blink                 Tloc           74%        N/A       1%          2
d - Slow                  Hex            100%       N/A       1%          1
e - Call Canine Familiar  Summ           41%        N/A       1%          3
f - Hailstorm             Conj/Ice       36%        3d9       1%          3
g - Foxfire               Conj/Fire      100%       2x1d9     1%          1
h - Fireball              Conj/Fire      25%        3d11      17%         5
i - Summon Lightning Spi  Summ/Air       25%        N/A       14%         4
j - Mephitic Cloud        Conj/Pois/Air  19%        N/A       8%          3

Your spell library contained the following spells:

 Spells                   Type           Power      Damage    Failure   Level
 Shock                    Conj/Air       100%       1d9       1%          1
 Ensorcelled Hibernation  Hex/Ice        66%        N/A       1%          2
 Confusing Touch          Hex            35%        N/A       1%          3
 Ozocubu's Armour         Ice            32%        N/A       1%          3
 Portal Projectile        Hex/Tloc       72%        N/A       1%          3
 Summon Guardian Golem    Hex/Summ       38%        N/A       1%          3
 Tukima's Dance           Hex            35%        N/A       1%          3
 Static Discharge         Conj/Air       50%        2-5/arc   2%          2
 Passage of Golubria      Tloc           37%        N/A       4%          4
 Summon Ice Beast         Ice/Summ       37%        N/A       4%          4
 Cause Fear               Hex            17%        N/A       5%          4
 Necrotise                Necr           32%        1d5       9%          1
 Cigotuvi's Dreadful Rot  Necr/Pois/Air  16%        N/A       12%         2
 Passwall                 Tmut/Erth      6%         N/A       13%         2
 Sublimation of Blood     Necr           8%         N/A       13%         2
 Wereblood                Tmut           8%         N/A       13%         2
 Swiftness                Air            10%        N/A       21%         3
 Anguish                  Hex/Necr       10%        N/A       22%         4
 Leda's Liquefaction      Hex/Erth       10%        N/A       22%         4
 Ice Form                 Ice/Tmut       20%        N/A       24%         4
 Airstrike                Air            5%         2d(1-17)  54%         4
 Dispel Undead            Necr           8%         3d8       63%         4
 Olgreb's Toxic Radiance  Pois           8%         N/A       63%         4
 Summon Mana Viper        Hex/Summ       38%        N/A       11%         5
 Metabolic Englaciation   Hex/Ice        16%        N/A       17%         5
 Yara's Violent Unravell  Hex/Tmut       10%        3d6       52%         5
 Starburst                Conj/Fire      25%        6d8       67%         6
 Alistair's Intoxication  Tmut/Pois      5%         N/A       93%         5
 Borgnjor's Vile Clutch   Necr/Erth      4%         N/A       93%         5
 Spellforged Servitor     Conj/Summ      20%        N/A       94%         7
 Summon Hydra             Summ           20%        N/A       94%         7
 Orb of Destruction       Conj           20%        9d8       95%         7
 Simulacrum               Ice/Necr       10%        N/A       98%         6
 Death Channel            Necr           4%         N/A       100%        6
 Discord                  Hex            17%        N/A       100%        8
 Ignition                 Fire           20%        3d7       100%        8
 Infestation              Necr           4%         N/A       100%        8
 Death's Door             Necr           4%         N/A       100%        9


Dungeon Overview and Level Annotations

Branches:
Dungeon (13/15)            Temple (1/1) D:4            Lair (5/5) D:9
  Swamp (0/4) Lair:2       Spider (0/4) Lair:2        Slime (0/5) Lair:4
    Orc (2/2) D:11          IceCv (visited)
    Elf: Orc:2       Vaults: D:13-14

Altars:
Ashenzari
Cheibriados
Dithmenos
Fedhas
Gozag
Hepliaklqana
Kikubaaqudgha
Makhleb
Nemelex Xobeh
Okawaru
Qazlal
Ru
Sif Muna
Trog
Uskayaw
Vehumet
Wu Jian
Xom
Yredelemnul

Shops:
Orc:2 ?

Portals:
Trove: D:10 (give 13 potions of heal wounds)

Annotations:
D:8 viagra's ghost, novice MiBe
D:9 1 runed translucent door, 0gre's ghost, journeyman GnIE
Lair:1 2 transporters
Orc:2 Saint Roka; Urug


Innate Abilities, Weirdness & Mutations

You have a pair of small antennae on your head.
You sometimes gain power by taking damage.
When seriously injured, your blood forms thick armour. (AC +9)
Spells you cast may paralyse nearby enemies.


Message History

Confirm with . or Enter, or press ? or * to list all spells.
A tiny devil pulls itself out of the air.
Malevolent energies surge around you.
The orc suddenly stops moving!
The orc warrior is no longer paralysed.
The orc wizard is no longer paralysed.
An orc wizard comes into view. It is wielding a +0 dagger.
The orc wizard hits you but does no damage.
An orc warrior comes into view. It is wielding a +0 halberd.
The orc warrior shoots a bolt.
The bolt hits your cerulean imp.
You feel a surge of power!
You conjure some foxfire!
Malevolent energies surge around you.
The orc wizard suddenly stops moving!
The orc warrior suddenly stops moving!
Your cerulean imp hits the orc warrior but does no damage.
The helpless orc fails to defend itself.
You puncture the orc!
You kill the orc!
Sif Muna accepts your kill.
Saint Roka is no longer paralysed.
The orc warrior is no longer paralysed.
The foxfire hits the orc wizard.
The orc wizard is heavily wounded.
The foxfire hits the orc wizard.
The orc wizard is heavily wounded.
An orc comes into view. It is wielding a +0 club.
The orc priest looks encouraged for a moment.
The orc warrior hits you with a +0 short sword.
The orc wizard casts a spell at you.
The magic dart hits you but does no damage.
Saint Roka hits you from afar with a +4 halberd of freezing!!
You focus on the pain.
You feel very mighty all of a sudden.
Your blood congeals into armour.
Saint Roka freezes you.
Your cerulean imp hits the orc warrior but does no damage.
The orc shouts!
The orc is no longer paralysed.
Your wolf bites the orc wizard.
Urug hits you with a +1 halberd of venom!!!
* * * LOW HITPOINT WARNING * * *
You focus on the pain.
You feel your power returning.
Magic restored.
The orc warrior misses your wolf.
Saint Roka mumbles some strange prayers to Beogh against you.
Beogh smites you!
You die...

...... ....
#..... ....
##..... .....
#...∩.. .....
##..... ......
#...... #oo..o.
#......#ooo....
#.....§@oooo...
##....5hooo....
#...........#..
#.......$....#
#.....$........
##..oo...$.....
#....o.........
##.............


You could see Saint Roka, Urug (strong), 6 orc warriors, an orc priest (strong),
2 orc wizards, 5 orcs, a friendly wolf (summoned) and a friendly cerulean imp
(summoned).

Vanquished Creatures
  2 vault guards (D:13)
  2 ironbound frosthearts (IceCv)
  4 hydras
  5 two-headed ogres
  2 centaur warriors (D:13)
  11 death yaks
  2 skysharks
  A spectral hydra (Lair:2)
  An ugly thing (IceCv)
  A manticore (D:13)
  An orc knight (Orc:1)
  An oklob plant (Lair:2)
  3 elephants
  A slime creature (D:12)
  A black mamba (Lair:4)
  2 gargoyles
  Maggie (D:6)
  A torpor snail (Lair:1)
  15 cane toads
  An unseen horror (D:11)
  An ice statue (IceCv)
  A cane toad (shapeshifter) (D:13)
  2 rime drakes
  A spectral skyshark (Lair:2)
  6 komodo dragons
  4 trolls
  11 polar bears
  A tyrant leech (Lair:5)
  14 blink frogs
  2 dream sheep (Lair:1)
  6 shadows
  2 wraiths
  40 yaks
  4 humans (D:13)
  3 wyverns
  13 vampire mosquitoes
  A steam dragon (D:7)
  4 basilisks
  A spectral cane toad (Lair:2)
  3 hell hounds (D:13)
  10 water moccasins
  A swamp drake (D:11)
  7 orc warriors
  3 sky beasts
  6 ogres
  18 wolves
  6 centaurs
  A phantom (D:5)
  2 kobold brigands
  23 bullfrogs
  A spectral water moccasin (Lair:2)
  A scorpion (D:5)
  7 wights
  3 killer bees (D:8)
  2 howler monkeys (D:12)
  An electric eel (Lair:5)
  A jelly (D:5)
  6 orc priests
  A gnoll bouda (D:5)
  2 sleepcaps
  3 hounds
  Crazy Yiuf (D:6)
  3 iguanas
  11 orc wizards
  8 gnolls
  7 adders
  7 white imps (Orc:1)
  An ufetubus (D:5)
  3 worms
  3 dart slugs
  64 orcs
  4 bats
  7 endoplasms
  3 giant cockroaches
  9 hobgoblins
  3 jackals (D:1)
  A quokka (D:1)
  6 ball pythons
  3 frilled lizards
  6 goblins
  12 kobolds
  8 rats
453 creatures vanquished.

Vanquished Creatures (collateral kills)
  Rupert (Orc:1)
  2 hydras
  3 death yaks
  A spectral death yak (Lair:2)
  2 goliath frogs (Lair:5)
  A skyshark (Lair:5)
  A manticore (D:12)
  A black mamba (Lair:4)
  A gargoyle (D:13)
  5 cane toads
  A kobold demonologist (D:13)
  A komodo dragon (Lair:3)
  3 polar bears
  A hornet (D:7)
  2 blink frogs (Lair:5)
  2 dream sheep (Lair:1)
  18 yaks
  2 humans (D:13)
  A basilisk (Lair:2)
  2 vampire mosquitoes
  A water moccasin (Lair:5)
  A spectral polar bear (Lair:2)
  4 orc warriors
  A black bear (D:6)
  2 ogres
  A spectral blink frog (Lair:2)
  7 wolves
  2 centaurs (D:13)
  2 bullfrogs (Lair:4)
  A scorpion (D:5)
  3 wights
  A killer bee (D:8)
  A howler monkey (D:8)
  A jelly (D:4)
  An orc priest (D:6)
  An iguana (D:4)
  2 sleepcaps (D:3)
  9 orc wizards
  6 gnolls
  3 adders
  5 white imps (Orc:1)
  20 orcs
  An endoplasm (D:2)
  2 goblins
  A hobgoblin (D:1)
  2 quokkas
  A bat (D:2)
  3 kobolds
  15 foxfires
151 creatures vanquished.

Vanquished Creatures (others)
  2 vault guards (D:13)
  An orc warrior (D:11)
  2 orcs (Orc:2)
  1078 foxfires
1083 creatures vanquished.

Grand Total: 1687 creatures vanquished

Notes
Turn   | Place    | Note
-------+----------+-------------------------------------------
     0 | D:1      | javelincjr the Demonspawn Hedge Wizard began the quest for
                  | the Orb.
     0 | D:1      | Reached XP level 1. HP: 13/13 MP: 4/4
    97 | D:1      | Reached skill level 1 in Translocations
   291 | D:1      | Gained mutation: You sometimes gain a little power by
                  | taking damage. [demonic ancestry]
   291 | D:1      | Reached XP level 2. HP: 19/19 MP: 1/6
   973 | D:1      | Learned a level 2 spell: Call Imp
  1202 | D:1      | Gained mutation: Spells you cast may paralyse adjacent
                  | enemies. [demonic ancestry]
  1202 | D:1      | Reached XP level 3. HP: 22/24 MP: 1/7
  1641 | D:2      | Noticed an ogre
  1817 | D:2      | Reached XP level 4. HP: 29/31 MP: 3/9
  2417 | D:3      | Reached skill level 1 in Fighting
  2592 | D:3      | Found a radiant altar of Vehumet.
  2601 | D:3      | Gained mutation: You sometimes gain power by taking damage.
                  | [demonic ancestry]
  2601 | D:3      | Reached XP level 5. HP: 37/37 MP: 7/10
  2602 | D:3      | Found an iron altar of Okawaru.
  2624 | D:3      | Found a blossoming altar of Fedhas.
  2631 | D:3      | Found a snail-covered altar of Cheibriados.
  3572 | D:4      | Found a staircase to the Ecumenical Temple.
  3576 | Temple   | Entered the Ecumenical Temple
  3591 | Temple   | Became a worshipper of Sif Muna the Loreminder
  3789 | D:4      | Gained mutation: When seriously injured, your blood forms
                  | armour. (AC +9) [demonic ancestry]
  3789 | D:4      | Reached XP level 6. HP: 25/43 MP: 2/11
  4235 | D:4      | Learned a level 2 spell: Blink
  4237 | D:4      | Learned a level 1 spell: Slow
  4302 | D:4      | Reached skill level 1 in Armour
  4607 | D:4      | Reached XP level 7. HP: 36/50 MP: 5/12
  4743 | D:4      | Reached * piety under Sif Muna
  5077 | D:5      | Entered Level 5 of the Dungeon
  5719 | D:5      | Gained mutation: Spells you cast may paralyse nearby
                  | enemies. [demonic ancestry]
  5719 | D:5      | Reached XP level 8. HP: 46/57 MP: 14/14
  6245 | D:5      | Found an opulent altar of Gozag.
  6623 | D:5      | Learned a level 3 spell: Call Canine Familiar
  6775 | D:6      | Learned a level 3 spell: Hailstorm
  7461 | D:6      | Noticed Maggie
  7508 | D:6      | Killed Maggie
  7509 | D:6      | Gained mutation: You have a pair of small antennae on your
                  | head. [demonic ancestry]
  7509 | D:6      | Reached XP level 9. HP: 40/65 MP: 0/16
  7960 | D:6      | Found a runed translucent door.
  7961 | D:6      | Noticed Crazy Yiuf
  7974 | D:6      | Killed Crazy Yiuf
  8071 | D:6      | Reached skill level 5 in Spellcasting
  8167 | D:6      | Reached ** piety under Sif Muna
  8774 | D:7      | Paralysed by a hornet for 1 turns
  8779 | D:7      | Reached skill level 1 in Invocations
  9061 | D:7      | Reached skill level 1 in Hexes
  9182 | D:7      | Reached skill level 1 in Ice Magic
  9390 | D:7      | Reached skill level 5 in Stealth
  9572 | D:7      | Identified 2 scrolls of acquirement
  9572 | D:7      | Acquired the Volume of Pyromancy and Spellbinding
  9574 | D:7      | Acquired the ring of Huob Can {Fire rCorr Str-3 Dex+2 SInv}
  9821 | D:7      | Reached skill level 2 in Invocations
 10104 | D:8      | Learned a level 1 spell: Foxfire
 10324 | D:8      | Noticed viagra's ghost (novice MiBe)
 10327 | D:8      | Found a runed translucent door.
 10387 | D:8      | Noticed a two-headed ogre
 10399 | D:8      | Killed a two-headed ogre
 10400 | D:8      | Reached skill level 5 in Summonings
 10400 | D:8      | Reached XP level 10. HP: 30/73 MP: 2/18
 10576 | D:8      | Reached skill level 5 in Dodging
 10806 | D:8      | Reached *** piety under Sif Muna
 10809 | D:8      | Reached skill level 5 in Conjurations
 11031 | D:8      | Reached skill level 3 in Invocations
 12077 | D:9      | Reached skill level 5 in Fighting
 12232 | D:9      | Found a runed translucent door.
 12233 | D:9      | Noticed 0gre's ghost (journeyman GnIE)
 12276 | D:9      | Found a broken altar of Ashenzari.
 12300 | D:9      | Noticed a two-headed ogre
 12314 | D:9      | Killed a two-headed ogre
 12382 | D:9      | Found a staircase to the Lair.
 12654 | D:9      | Found a stormy altar of Qazlal.
 12842 | D:10     | Entered Level 10 of the Dungeon
 12843 | D:10     | Noticed a two-headed ogre
 12857 | D:10     | Killed a two-headed ogre
 12858 | D:10     | Reached skill level 5 in Translocations
 13066 | D:10     | Found a burning altar of Makhleb.
 13088 | D:10     | Reached skill level 4 in Invocations
 13303 | D:10     | Found a sacrificial altar of Ru.
 13457 | D:10     | Found a basalt altar of Yredelemnul.
 13679 | D:10     | Found a portal to a secret trove of treasure.
 14005 | D:10     | You fall into a shaft and drop 2 floors!
 14013 | D:12     | Noticed a manticore
 14028 | D:12     | Killed a manticore
 14029 | D:12     | Gained mutation: When seriously injured, your blood forms
                  | thick armour. (AC +9) [demonic ancestry]
 14029 | D:12     | Reached XP level 11. HP: 63/80 MP: 7/20
 14425 | D:11     | Found the +8 trident of the Octopus King {venom, rElec
                  | rPois}
 14541 | D:11     | Reached **** piety under Sif Muna
 15274 | D:11     | Reached skill level 1 in Shields
 15394 | D:11     | Noticed a two-headed ogre
 15406 | D:11     | Killed a two-headed ogre
 15407 | D:11     | Reached skill level 1 in Fire Magic
 15407 | D:11     | Reached skill level 5 in Invocations
 15488 | D:11     | Reached skill level 1 in Polearms
 15501 | D:11     | Found a staircase to the Orcish Mines.
 16808 | D:13     | Reached skill level 5 in Armour
 16997 | D:13     | Noticed a centaur warrior
 17010 | D:13     | Killed a centaur warrior
 17086 | D:13     | Noticed a sun demon
 17253 | D:13     | Killed a vault guard
 17254 | D:13     | Killed a vault guard
 17290 | D:13     | Noticed a vault guard
 17483 | D:13     | Noticed a two-headed ogre
 17492 | D:13     | Killed a two-headed ogre
 17493 | D:13     | Reached XP level 12. HP: 88/88 MP: 13/21
 17581 | D:13     | Killed a vault guard
 17716 | D:13     | Noticed a vault guard
 17784 | D:13     | Killed a vault guard
 17865 | D:13     | Noticed a centaur warrior
 17879 | D:13     | Killed a centaur warrior
 17880 | D:13     | Reached skill level 6 in Invocations
 18080 | D:13     | Noticed a vault guard
 18099 | D:13     | Noticed a vault guard
 18511 | Lair:1   | Entered Level 1 of the Lair of Beasts
 18584 | Lair:1   | Reached ***** piety under Sif Muna
 18593 | Lair:1   | Received a gift from Sif Muna
 18615 | Lair:1   | Got Sif Muna's Parchment of the Gift and Unhallowed Deeds
                  | {god gift}
 18993 | Lair:1   | Reached skill level 5 in Hexes
 19058 | Lair:1   | Found a transporter.
 19268 | Lair:1   | Found a transporter.
 20023 | Lair:2   | Noticed an eight-headed hydra
 20027 | Lair:2   | Reached XP level 13. HP: 95/95 MP: 23/23
 20237 | Lair:2   | Found a hole to the Spider Nest.
 20490 | Lair:1   | Reached skill level 7 in Invocations
 21336 | Lair:2   | Reached skill level 5 in Ice Magic
 21398 | Lair:2   | Found a staircase to the Swamp.
 23676 | Lair:4   | Found a staircase to the Slime Pits.
 24109 | Lair:5   | Entered Level 5 of the Lair of Beasts
 24610 | Lair:4   | Reached skill level 8 in Invocations
 24610 | Lair:4   | Reached XP level 14. HP: 28/103 MP: 16/25
 24747 | Lair:5   | Received a gift from Sif Muna
 24760 | Lair:5   | Got Sif Muna's Enchiridion on Amassed Arcane Weapons {god
                  | gift}
 25588 | Lair:5   | Identified the ring of the Iron Devil {rC+ MP+9 Dex+3}
 26566 | Lair:5   | Learned a level 5 spell: Fireball
 26980 | Orc:1    | Entered Level 1 of the Orcish Mines
 27050 | Orc:1    | Found a frozen archway.
 27163 | IceCv    | Entered an ice cave
 27223 | IceCv    | Learned a level 4 spell: Summon Lightning Spire
 27806 | IceCv    | Received a gift from Sif Muna
 28307 | IceCv    | Reached skill level 5 in Shields
 28707 | Orc:1    | Reached skill level 9 in Invocations
 28999 | Orc:2    | Entered Level 2 of the Orcish Mines
 28999 | Orc:2    | Noticed Rupert
 28999 | Orc:2    | Found Yckuonyri's Magic Scroll Emporium.
 29002 | Orc:2    | Noticed Urug
 29150 | Orc:1    | Paralysed by Rupert for 3 turns
 29154 | Orc:1    | Killed Rupert
 29217 | Orc:2    | Noticed Saint Roka
 29279 | Orc:1    | Learned a level 3 spell: Mephitic Cloud
 29288 | Orc:2    | HP: 2/97 [Urug/+1 halberd of venom (40)]
 29288 | Orc:2    | Killed from afar by Saint Roka

Illustrated notes

Levels and vault maps discovered:
D:1:      co_arrival_square_in_a_square_in_a_square, layout_basic,
          serial_corexii_hall, corexii_hall_statues_s, corexii_hall_statues_l,
          chequers_hall_statues_y, corexii_hall_statues_i
D:2:      layout_basic
D:3:      layout_rooms, nicolae_overflow_hallway_of_the_gods, hellmonk_no_cap
D:4:      nicolae_cairo_tiling_large, layout_loops_ring,
          minmay_temple_entry_grid, minmay_close_crescents
D:5:      nicolae_BIG_FREAKIN_CUBE, layout_basic, general_overflow_altar,
          serial_bayou_pond_a
D:6:      layout_loops_ring, hangedman_decor_points, hangedman_glass_teeth,
          minmay_door_square, minmay_misc_feat_chi, roderic_serpentine_path,
          minmay_misc_feat_rows, uniq_maggie, uniq_crazy_yiuf_cottage
D:7:      layout_loops_corners
D:8:      layout_basic, special_room [special_room_orc],
          hellmonk_ghost_happy_afterlife
D:9:      layout_roguey, nicolae_qazlal_eye_of_the_storm,
          mainiacjoe_overflow_alcove_1, lair_entry_dummy, gammafunk_ghost_grave
D:10:     layout_small_grid, kennysheep_little_box,
          nicolae_elyvilon_temple_path, old_standard_altar,
          overflow_temple_1_default, nicolae_trove_entry_isolated
D:11:     layout_roguey, erik_orc_1
D:12:     layout_grid_maze
D:13:     layout_rooms, ximxim_vaults_locker_room, minmay_liquid_box,
          minmay_rotating_lava
Temple:   chequers_temple_sunken
Lair:1:   gammafunk_worm_tunnel, layout_regular_city,
          chequers_serial_rivers_marsh, chequers_serial_rivers_room_a,
          minmay_holes, columned_hall_lemuel, beast_lair_carwin_10
Lair:2:   layout_hall_layers, nicolae_swamp_entry_spooky, spider_nest_entry_a
Lair:3:   layout_layer_cave, st_stairs_5
Lair:4:   layout_regular_city, slime_entry_1, grunt_megastairs_3,
          serial_bayou_shore_b
Lair:5:   minmay_lair_end_frog_pond, layout_concentric_octagons,
          minmay_stone_trees_small, minivault_27, lemuel_fruit_tree
Orc:1:    layout_diamond_mine, portal_ice_cave_entry_imps
Orc:2:    grunt_orc_tribal_feast, layout_caves, basic_altar, serial_shops, shop,
          mines2_david, uniq_saint_roka, uniq_rupert, uniq_urug

Skill      XL: |  1  2  3  4  5  6  7  8  9 10 11 12 13 14 |
---------------+-------------------------------------------+-----
Translocations | 1 2 3 4 5 6 7 |  7.4
Dodging        | 2 3 4 5 6 7 |  7.6
Stealth        | 2 3 4 5 6 7 8 |  8.1
Fighting       | 1 2 3 4 5 6 7 8 |  8.0
Summonings     | 2 3 4 5 6 7 8 |  8.2
Conjurations   | 2 3 4 5 6 7 8 |  8.0
Armour         | 1 2 3 4 5 6 7 |  7.1
Spellcasting   | 4 5 6 7 8 |  8.1
Invocations    | 2 4 5 6 8 9 |  9.0
Hexes          | 2 3 4 5 6 |  6.7
Ice Magic      | 1 3 4 5 6 |  6.1
Shields        | 2 3 4 5 |  5.0
Fire Magic     | 2 3 4 |  4.7
Polearms       | 1 3 4 |  4.9
Air Magic      | |  0.5

Action                     |  1- 3 |  4- 6 |  7- 9 | 10-12 | 13-15 || total
---------------------------+-------+-------+-------+-------+-------++-------
  Melee: Dagger            |    83 |   113 |       |       |       ||   196
         Spear             |       |    98 |       |       |       ||    98
         Trident           |       |     8 |   191 |   352 |   794 ||  1345
         Flail             |       |       |    36 |       |       ||    36
         Punch             |       |       |       |       |     1 ||     1
   Cast: Magic Dart        |    76 |    70 |    53 |     2 |       ||   201
         Call Imp          |    12 |    31 |    61 |    71 |   102 ||   277
         Call Canine Famil |       |       |    31 |    89 |   155 ||   275
         Slow              |       |       |     3 |     5 |    11 ||    19
         Foxfire           |       |       |    18 |   278 |   328 ||   624
         Hailstorm         |       |       |     8 |    30 |    24 ||    62
         Blink             |       |       |     2 |    25 |    26 ||    53
         Fireball          |       |       |       |       |    10 ||    10
         Summon Lightning  |       |       |       |       |     6 ||     6
 Invoke: Channel Magic     |       |       |       |     1 |     1 ||     2
    Use: Scroll            |       |     1 |    16 |     9 |     7 ||    33
         Potion            |       |       |     1 |     1 |     5 ||     7
   Stab: Paralysed         |     2 |    34 |    25 |    46 |    44 ||   151
         Sleeping          |       |     2 |     1 |       |     4 ||     7
         Distracted        |       |       |     5 |     6 |    14 ||    25
 Armour: Robe              |    18 |    61 |    60 |    36 |     3 ||   178
         Troll leather arm |       |       |       |    79 |   472 ||   551
  Dodge: Dodged            |    70 |   131 |   155 |   278 |   640 ||  1274
  Block: Kite shield       |       |       |       |       |   291 ||   291
         Buckler           |       |       |       |       |    60 ||    60
